 Dungeon Crawl Stone Soup version 0.30-a0-322-g102857c98e (webtiles) character file.

Game seed: 1590154031960332808

1 NinjaNoafa the Trooper (level 1, 0/19 HPs)
             Began as a Hill Orc Fighter on Oct 27, 2022.
             Succumbed to a kobold's poison
             ... on level 1 of the Dungeon.
             The game lasted 00:00:09 (32 turns).

NinjaNoafa the Trooper (Hill Orc Fighter)             Turns: 32, Time: 00:00:10

Health: 0/19       AC:  6    Str: 18    XL:     1   Next: 20%
Magic:  1/1        EV:  9    Int:  8    God:
Gold:   0          SH:  4    Dex: 10    Spells: 0/0 levels left

rFire   . . .      SeeInvis .    a - +0 war axe
rCold   . . .      Faith    .    c - +0 buckler
rNeg    . . .      Spirit   .    b - +0 scale mail
rPois   .          Reflect  .    (no helmet)
rElec   .          Harm     .    (no cloak)
rCorr   .          Rampage  .    (no gloves)
Will    .....                    (no boots)
Stlth   ..........               (no amulet)
HPRegen 0.23/turn                (no ring)
MPRegen 0.07/turn                (no ring)

@: mighty, lethally poisoned (0 -> -2)
A: no striking features
a: no special abilities


You were on level 1 of the Dungeon.
You visited 1 branch of the dungeon, and saw 1 of its levels.

Inventory:

Hand Weapons
 a - a +0 war axe (weapon)
Armour
 b - a +0 scale mail (worn)
 c - a +0 buckler (worn)


   Skills:
 + Level 3.6 Fighting
 - Level 2.9 Axes
 - Level 3.2 Armour
 - Level 3.2 Shields


You couldn't memorise any spells.
You didn't know any spells.
Your spell library was empty.

Dungeon Overview and Level Annotations

Branches:
Dungeon (1/15)

Altars:


Message History

There is an open door here.
A kobold comes into view. It is wielding a +2 dagger of venom.
The kobold shouts!
You hear a shout!
The kobold moves out of view.
Found a clear potion.
Found a stone staircase leading down.
A giant cockroach comes into view.
A hobgoblin comes into view.
The kobold barely misses you.
You closely miss the kobold.
The hobgoblin shouts!
An endoplasm comes into view.
A hobgoblin comes into view.
The kobold hits you but does no damage.
You are poisoned.
The kobold hits you with a +2 dagger of venom.
You are lethally poisoned!
You barely miss the kobold.
You feel very sick.
The endoplasm quivers.
The kobold misses you.
You hit the kobold.
You kill the kobold!
You feel very sick. The giant cockroach barely misses you.
You feel very sick.
Okay, then.
You barely miss the giant cockroach.
* * * LOW HITPOINT WARNING * * *
You feel sick.
The giant cockroach bites you but does no damage. x2
You barely miss the giant cockroach.
* * * LOW HITPOINT WARNING * * *
You feel sick. The giant cockroach closely misses you.
You feel very mighty all of a sudden.
* * * LOW HITPOINT WARNING * * *
You feel sick. The giant cockroach barely misses you.
You closely miss the giant cockroach.
* * * LOW HITPOINT WARNING * * *
You feel sick. You block the giant cockroach's attack.
The giant cockroach bites you but does no damage.
You closely miss the giant cockroach.
You die...

### ~≈# #≈# #######
~≈################g......
<~'.............@BJ....>.
~~#.##############)......
#≈### .!..... ≈≈# .......
### ....### ...## ..##
###


You could see an endoplasm, a giant cockroach and a hobgoblin.

Vanquished Creatures
  A kobold (D:1)
1 creature vanquished.

Notes
Turn   | Place    | Note
-------+----------+-------------------------------------------
     0 | D:1      | NinjaNoafa the Hill Orc Fighter began the quest for the
                  | Orb.
     0 | D:1      | Reached XP level 1. HP: 19/19 MP: 1/1
    32 | D:1      | Succumbed to a kobold's poison

Illustrated notes

Levels and vault maps discovered:
D:1:      ncdulo_wetmaze, layout_rooms

Action                   || total
-------------------------++-------
Melee: War axe           ||     7
  Use: Potion            ||     1
Armor: Scale mail        ||     4
Dodge: Dodged            ||     5
Block: Buckler           ||     1

Table legend: (Time is in decaauts)
 A = Elapsed time spent in this place.
 B = Non-inter-level travel time spent in this place.
 C = Inter-level travel time spent in this place.
 D = Time resting spent in this place.
 E = Time spent auto-exploring this place.
 F = Levels seen in this place.
 G = Mean time per level.
                   A        B        C        D        E       F      G
               +--------+--------+--------+--------+--------+-----+--------+
         Total |     38 |     38 |      0 |      0 |     24 |   1 |   38.0 |
       Dungeon |     38 |     38 |      0 |      0 |     24 |   1 |   38.0 |
               +--------+--------+--------+--------+--------+-----+--------+

Top non-repeatable levels by time:
     D:1: 38 daAuts
